 Dungeon Crawl Stone Soup version 0.31-a0-1165-g196b491b36 (webtiles) character file.

Game seed: 16755042226402790886

299 NinjaNoafa the Firebug (level 6, -4/32 HPs)
             Began as a Kobold Fire Elementalist on Dec 9, 2023.
             Killed by divine providence
             ... invoked by an orc priest
              (8 damage)
             ... on level 3 of the Dungeon.
             The game lasted 00:04:12 (2126 turns).

NinjaNoafa the Firebug (Kobold Fire Elementalist)   Turns: 2126, Time: 00:04:12

Health: -4/32      AC:  3    Str:  5    XL:     6   Next: 63%
Magic:  7/9        EV: 15    Int: 18    God:
Gold:   138        SH:  0    Dex: 16    Spells: 6/9 levels left

rFire   . . .        b - +0 whip
rCold   . . .        (no shield)
rNeg    . . .        e - +0 robe
rPois   +            (no helmet)
rElec   .            (no cloak)
rCorr   .            p - +0 pair of gloves
SInv    .            (no boots)
Will    .....        (no amulet)
Stlth   +++          r - ring of poison resistance
HPRegen 0.25/turn    (no ring)
MPRegen 0.11/turn

%: no passive effects
@: no status effects
A: small, no large weapons, nightstalker 3
a: no special abilities


You were on level 3 of the Dungeon.
You visited 1 branch of the dungeon, and saw 3 of its levels.

You collected 138 gold pieces.

Inventory:

Hand Weapons
 a - a +0 sling
 b - a +0 whip (weapon)
Missiles
 c - 8 boomerangs
 i - 6 poisoned darts
 l - 5 atropa-tipped darts
Armour
 e - a +0 robe (worn)
 p - a +0 pair of gloves (worn)
Jewellery
 r - a ring of poison resistance (left hand)
Talismans
 d - a beast talisman
Scrolls
 g - a scroll of enchant armour {unknown}
 h - 2 scrolls of teleportation {unknown}
 j - a scroll of fog {unknown}
 k - a scroll of identify {unknown}
 o - a scroll of torment {unknown}
Potions
 f - 2 potions of magic
 m - a potion of enlightenment {unknown}
 n - a potion of invisibility {unknown}
 q - a potion of mutation {unknown}


   Skills:
 - Level 2.4 Dodging
 - Level 2.6 Stealth
 - Level 2.1 Spellcasting
 + Level 4.4 Conjurations
 + Level 5.3 Fire Magic


You had 6 spell levels left.
You knew the following spells:

 Your Spells              Type           Power      Damage    Failure   Level
a - Foxfire               Conj/Fire      76%        2x1d7     2%          1
b - Scorch                Fire           42%        2d6       3%          2

Your spell library contained the following spells:

 Spells                   Type           Power      Damage    Failure   Level
 Inner Flame              Hex/Fire       11%        N/A       19%         3
 Volatile Blastmotes      Fire/Tloc      22%        2d11      19%         3
 Dazzling Flash           Conj/Hex       18%        N/A       22%         3
 Flame Wave               Conj/Fire      19%        2d7       24%         4
 Starburst                Conj/Fire      9%         6d5       98%         6
 Maxwell's Capacitive Co  Air            0%         ∞         100%        8


Dungeon Overview and Level Annotations

Branches:
Dungeon (3/15) Zot: 15855

Altars:


Innate Abilities, Weirdness & Mutations

You are small and have problems with some larger weapons.
You are completely attuned to the shadows.


Message History

The orc priest hits you with a +0 club.
You take 1 damage, and have 19/32 hp.
The orc priest attacks as it pursues you!
The orc priest completely misses you.
The orc priest looks satisfied for a moment.
The orc priest attacks as it pursues you!
The orc priest closely misses you.
The orc priest is no longer more vulnerable to fire.
The orc priest begins to cast a cantrip, but forgets the words!
The orc priest calls down the wrath of Beogh upon you.
Beogh smites you!
Ouch! That really hurt!
* * * LOW HITPOINT WARNING * * *
You take 15 damage, and have 4/32 hp.
MASSIVE DAMAGE!!
Casting: Scorch (safe; 3% risk of failure) Flames lash the orc.
You kill the orc!
You now have 4/9 mp.
Casting: Scorch (safe; 3% risk of failure) Flames lash the orc priest.
The orc priest's fire resistance burns away.
An orc comes into view. It is wielding a +0 whip.
The orc priest closely misses you.
You now have 2/9 mp.
Casting: Scorch (safe; 3% risk of failure) Flames lash the orc priest.
The orc shouts!
The orc priest begins to cast a cantrip, but forgets the words!
You now have 0/9 mp.
Okay, then.
Magic courses through your body. The orc priest hits you with a +0 club.
* * * LOW HITPOINT WARNING * * *
MP restored: 9
Casting: Scorch (safe; 3% risk of failure) Flames lash the orc priest.
The orc priest's fire resistance burns away.
The orc priest closely misses you.
The orc priest invokes the aid of Beogh against you.
Beogh smites you!
You die...

#.# ###.# ....# #####
.## #.###### #......#
#.#.#..# ############
#).###.######...@ooo...#
#.## ##.......########.#
...###..####### #.#
#.#.#...## #.#
#..#.#...#### #.#
..#.#.......###### #..
....>.#..##......#
...<....>##......#
..##..##.........#


You could see 2 orc priests and an orc.

Vanquished Creatures
  Sigmund (D:2)
  An orc wizard (D:3)
  3 gnolls (D:2)
  3 adders (D:2)
  5 orcs (D:3)
  3 bats
  5 endoplasms
  2 giant cockroaches
  2 goblins
  5 hobgoblins
  6 jackals
  7 kobolds
  3 quokkas
  3 ball pythons (D:1)
  A frilled lizard (D:1)
  6 rats
56 creatures vanquished.

Vanquished Creatures (collateral kills)
  2 foxfires (D:1)
2 creatures vanquished.

Vanquished Creatures (others)
  85 foxfires
85 creatures vanquished.

Grand Total: 143 creatures vanquished

Notes
Turn   | Place    | Note
-------+----------+-------------------------------------------
     0 | D:1      | NinjaNoafa the Kobold Fire Elementalist began the quest for
                  | the Orb.
     0 | D:1      | Reached XP level 1. HP: 10/10 MP: 3/3
   298 | D:1      | Reached XP level 2. HP: 15/15 MP: 5/5
   755 | D:1      | Reached XP level 3. HP: 16/19 MP: 3/6
   957 | D:2      | Learned a level 2 spell: Scorch
  1074 | D:2      | Reached XP level 4. HP: 24/24 MP: 1/7
  1200 | D:2      | Reached skill level 4 in Fire Magic
  1309 | D:2      | Noticed Sigmund
  1317 | D:2      | Killed Sigmund
  1318 | D:2      | Reached skill level 5 in Fire Magic
  1318 | D:2      | Reached XP level 5. HP: 28/28 MP: 2/8
  1318 | D:2      | Reached XP level 6. HP: 32/32 MP: 2/9
  1386 | D:2      | You fall into a shaft and drop 1 floor!
  2126 | D:3      | Killed from afar by an orc priest

Illustrated notes

Levels and vault maps discovered:
D:1:      elethiomel_arrival_infinity_welcomes_careful_drivers, layout_basic,
          minmay_hedge_maze
D:2:      layout_basic, amethyst_killhole, uniq_sigmund
D:3:      layout_loops_cross

Skill      XL: |  1  2  3  4 |
---------------+-------------+-----
Conjurations   | 2 4 |  4.4
Fire Magic     | 5 |  5.3
Dodging        | |  2.4
Stealth        | |  2.6
Spellcasting   | |  2.1

Action                     |  1- 3 |  4- 6 || total
---------------------------+-------+-------++-------
  Melee: Whip              |       |     1 ||     1
   Fire: Sling             |    35 |    14 ||    49
   Cast: Foxfire           |    20 |    38 ||    58
         Scorch            |     5 |     8 ||    13
    Use: Potion            |       |     1 ||     1
 Armour: Robe              |    11 |    15 ||    26
  Dodge: Dodged            |    20 |    27 ||    47

Table legend: (Time is in decaauts)
 A = Elapsed time spent in this place.
 B = Non-inter-level travel time spent in this place.
 C = Inter-level travel time spent in this place.
 D = Time resting spent in this place.
 E = Time spent auto-exploring this place.
 F = Levels seen in this place.
 G = Mean time per level.
                   A        B        C        D        E       F      G
               +--------+--------+--------+--------+--------+-----+--------+
         Total |   2143 |   2048 |     95 |    224 |   1489 |   3 |  714.3 |
       Dungeon |   2143 |   2048 |     95 |    224 |   1489 |   3 |  714.3 |
               +--------+--------+--------+--------+--------+-----+--------+

Top non-repeatable levels by time:
     D:1: 876 daAuts
     D:2: 802 daAuts
     D:3: 464 daAuts
